2688 views
Uploaded 2019-12-15 22:56:45
Game version 1.32.0.4
11:14 long 1on1 ladder game on (2)Amazonia
Saved by BEARAND
2688 views
Uploaded 2019-12-15 22:56:45
Game version 1.32.0.4
11:14 long 1on1 ladder game on (2)Amazonia

/ 0.1k
8 buildings @ 1.3k
/ 0.3k

| Acolyte | 4 | 300 | / | 0 |
| Ghoul | 19 | 2280 | / | 0 |
| Goblin Shredder | 1 | 375 | / | 100 |
| total: | 24 | 2955g | / | 100w |
| Nerubian Tower | 4 | 400 | / | 80 |
| Altar of Darkness | 1 | 180 | / | 50 |
| Crypt | 1 | 200 | / | 50 |
| Ziggurat | 5 | 750 | / | 250 |
| Graveyard | 1 | 215 | / | 0 |
| Halls of the Dead | 1 | 320 | / | 210 |
| total: | 8 | 1345g | / | 350w |
| 0:31 | Altar of Darkness |
| 0:49 | Crypt |
| 1:01 | Ziggurat |
| 1:08 | Ziggurat |
| 1:20 | Acolyte |
| 1:22 | Acolyte |
| 2:09 | Ghoul |
| 2:09 | Ghoul |
| 2:09 | Ghoul |
| 2:09 | Ghoul |
| 2:20 | Ziggurat |
| 2:46 | Ghoul |
| 2:46 | Ghoul |
| 3:27 | Death Pact |
| 3:40 | Ghoul |
| 3:41 | Ghoul |
| 3:41 | Ghoul |
| 3:56 | Nerubian Tower |
| 3:59 | Nerubian Tower |
| 4:25 | Acolyte |
| 4:25 | Acolyte |
| 5:00 | Ziggurat |
| 5:04 | Ziggurat |
| 5:56 | Nerubian Tower |
| 6:08 | Goblin Shredder |
| 6:14 | Nerubian Tower |
| 6:45 | Death Coil |
| 6:57 | Ghoul |
| 6:57 | Ghoul |
| 6:58 | Ghoul |
| 6:58 | Ghoul |
| 7:13 | Graveyard |
| 8:27 | Death Coil |
| 8:46 | Halls of the Dead |
| 8:52 | Ghoul |
| 8:53 | Ghoul |
| 9:06 | Ghoul |
| 10:40 | Ghoul |
| 10:40 | Ghoul |
| 10:40 | Ghoul |
| Right click | 122 |
| Select | 95 |
| Build/train/purchase | 33 |
| Use ability | 7 |
| Misc. action | 2 |
16 units @ 1.2k
/ 0k
26 buildings @ 3.8k
/ 2.1k



| Healing Salve | 4 | 400 |
| Lesser Clarity Potion | 2 | 140 |
| Boots of Speed | 2 | 500 |
| Periapt of Vitality | 1 | 325 |
| Staff of Teleportation | 2 | 300 |
| total: | 11 | 1665g |
| Peon | 16 | 1200 | / | 0 |
| total: | 16 | 1200g | / | 0w |
| Watch Tower | 17 | 1870 | / | 1360 |
| Altar of Storms | 1 | 180 | / | 50 |
| Orc Burrow | 3 | 480 | / | 120 |
| Voodoo Lounge | 1 | 130 | / | 30 |
| War Mill | 1 | 205 | / | 0 |
| Great Hall | 2 | 770 | / | 370 |
| Spirit Lodge | 1 | 150 | / | 150 |
| Stronghold | 1 | 315 | / | 190 |
| Fortress | 1 | 325 | / | 190 |
| total: | 26 | 3785g | / | 2080w |
| 0:02 | Peon |
| 0:02 | Peon |
| 0:08 | Altar of Storms |
| 0:10 | Peon |
| 0:18 | Orc Burrow |
| 0:38 | Peon |
| 0:47 | Peon |
| 0:59 | Peon |
| 1:05 | Voodoo Lounge |
| 1:09 | Peon |
| 1:17 | War Mill |
| 1:29 | Peon |
| 1:36 | Peon |
| 1:48 | Peon |
| 2:06 | Peon |
| 2:09 | Healing Salve |
| 2:09 | Lesser Clarity Potion |
| 2:10 | Wind Walk |
| 2:30 | Watch Tower |
| 2:31 | Watch Tower |
| 2:54 | Stronghold |
| 3:40 | Boots of Speed |
| 3:40 | Periapt of Vitality |
| 3:43 | Staff of Teleportation |
| 3:46 | Watch Tower |
| 4:04 | Watch Tower |
| 4:32 | Orc Burrow |
| 4:58 | Healing Salve |
| 4:58 | Lesser Clarity Potion |
| 5:03 | Watch Tower |
| 5:05 | Watch Tower |
| 5:06 | Watch Tower |
| 5:30 | Watch Tower |
| 5:40 | Watch Tower |
| 5:47 | Critical Strike |
| 6:18 | Fortress |
| 6:33 | Shockwave |
| 7:15 | Boots of Speed |
| 7:15 | Staff of Teleportation |
| 7:37 | Spirit Lodge |
| 8:19 | Watch Tower |
| 8:24 | Healing Salve |
| 8:39 | Peon |
| 8:39 | Peon |
| 8:40 | Peon |
| 8:40 | Peon |
| 8:40 | Peon |
| 8:49 | Orc Burrow |
| 9:25 | Endurance Aura |
| 9:35 | Great Hall |
| 9:37 | Great Hall |
| 9:39 | Watch Tower |
| 9:40 | Watch Tower |
| 9:42 | Watch Tower |
| 9:43 | Watch Tower |
| 9:43 | Watch Tower |
| 9:44 | Watch Tower |
| 9:51 | Healing Salve |
| 9:57 | Healing Wave |
| 10:55 | Wind Walk |
| 10:58 | Watch Tower |
| Right click | 755 |
| Select | 215 |
| Select group | 73 |
| Build/train/purchase | 65 |
| Use ability | 22 |
| Assign group | 12 |
| Remove unit | 7 |
| Misc. action | 3 |
| Item give/drop | 3 |
โ